 Dungeon Crawl Stone Soup version 0.27.0-1-g7a089689b8 (webtiles) character file.

Game seed: 13265831530225239372

98 SnakkuSnakku7 the Chucker (level 4, 0/35 HPs)
             Began as a Draconian Arcane Marksman on Aug 7, 2021.
             Succumbed to a water moccasin's poison
             ... on level 3 of the Dungeon.
             The game lasted 00:04:01 (3091 turns).

SnakkuSnakku7 the Chucker (DrAM)                    Turns: 3091, Time: 00:04:02

Health: 0/35       AC:  5    Str: 12    XL:     4   Next: 44%
Magic:  5/5        EV: 12    Int: 13    God:
Gold:   124        SH:  0    Dex: 13    Spells: 4/5 levels left

rFire    . . .     SeeInvis .   b - +1 dagger (venom)
rCold    . . .     Faith    .   (no shield)
rNeg     . . .     Spirit   .   (armour unavailable)
rPois    .         Reflect  .   (helmet restricted)
rElec    .         Harm     .   (no cloak)
rCorr    .         Rampage  .   (no gloves)
Will     .....                  (no boots)
Stlth    +.........             (no amulet)
HPRegen  0.11/turn              (no ring)
MPRegen  0.09/turn              (no ring)

@: lethally poisoned (0 -> -9)
A: AC +5, unfitting armour, cold-blooded
a: no special abilities


You were on level 3 of the Dungeon.
You visited 1 branch of the dungeon, and saw 3 of its levels.

You collected 124 gold pieces.

Inventory:

Hand Weapons
 a - a +2 dagger of speed
 b - a +1 dagger of venom (weapon)
 c - a +0 dagger
 g - a +0 spear
Missiles
 j - 17 javelins
 l - 3 poisoned darts (quivered)
 m - 2 throwing nets
Jewellery
 h - a ring of poison resistance
 i - a +6 ring of intelligence
Wands
 k - a wand of charming (7)
Scrolls
 d - a scroll of fog {unknown}
 e - a scroll of teleportation {unknown}
 f - 2 scrolls of amnesia {unknown}
 n - a scroll of immolation {unknown}


   Skills:
 - Level 1.1 Fighting
 + Level 4.3 Throwing
 - Level 1.7 Dodging
 - Level 1.0 Spellcasting
 - Level 2.6 Hexes


You had 4 spell levels left.
You knew the following spells:

 Your Spells              Type           Power      Damage    Failure   Level
a - Corona                Hex            7%         N/A       10%         1

Your spell library contained the following spells:

 Spells                   Type           Power      Damage    Failure   Level
 Slow                     Hex            7%         N/A       14%         2
 Confusing Touch          Hex            7%         N/A       28%         3
 Static Discharge         Conj/Air       0%         N/A       38%         2
 Inner Flame              Hex/Fire       4%         N/A       43%         3
 Portal Projectile        Hex/Tloc       8%         N/A       43%         3
 Ozocubu's Armour         Ice            0%         N/A       63%         3
 Cause Fear               Hex            3%         N/A       67%         4
 Metabolic Englaciation   Hex/Ice        2%         N/A       99%         5
 Yara's Violent Unravell  Hex/Tmut       2%         3d3       99%         5
 Lightning Bolt           Conj/Air       0%         1d11      100%        5
 Simulacrum               Ice/Necr       0%         N/A       100%        6
 Maxwell's Capacitive Co  Air            0%         ∞         100%        8


Dungeon Overview and Level Annotations

Branches:
Dungeon (3/15)

Altars:
Uskayaw

Annotations:
D:3 1 runed translucent door, Crazy Yiuf


Innate Abilities, Weirdness & Mutations

Your plain brown scales are hard. (AC +5)
You cannot fit into any form of body armour.
You are cold-blooded and may be slowed by cold attacks.


Message History

The bat hits you but does no damage. The bat misses you.
The bat hits you but does no damage. The bat barely misses you.
The bat hits you but does no damage. The bat hits you but does no damage.
The bat hits you but does no damage. The bat barely misses you.
The bat misses you. The bat hits you but does no damage.
The bat closely misses you. The bat hits you but does no damage.
The bat hits you but does no damage. The bat closely misses you.
The bat closely misses you.
You see here 9 stones.
The bat barely misses you. The bat closely misses you.
The bat closely misses you. The bat hits you but does no damage.
The bat misses you. The bat hits you but does no damage. The bat misses you.
The bat closely misses you. The bat hits you but does no damage.
The bat hits you but does no damage. The bat barely misses you.
The bat hits you but does no damage. The water moccasin bites you.
You are lethally poisoned!
The water moccasin poisons you!
* * * LOW HITPOINT WARNING * * *
You feel very sick. The bat barely misses you.
* * * LOW HITPOINT WARNING * * *
You feel very sick. The bat barely misses you.
Throw: 4 darts (poison)
Press: ? - help, Q - select action, (/) - cycle Shift-Dir - straight line, f - water moccasin
Aim: a water moccasin (40% to hit)
You throw a poisoned dart.
The poisoned dart barely misses the bat.
The poisoned dart hits the water moccasin.
* * * LOW HITPOINT WARNING * * *
You feel sick. The bat hits you but does no damage.
The bat closely misses you. x2
Unknown command.
You die...

#.# ###########.#### #.#
#.# # ########.# ### #.# #
.........# ##.##
#######.#### #######..#
##.#.## #.......##..
#..####.###.###.########.#
#.........##.##.# #.#
#######..####.#>#.###.#
#.# ##........# ##.@.##
#.# #.# #.........# ##.##
#.# #.. #(.#####..######b#
#.# ### #..# #...K...Sb###
#.# # #..# #.K.........#
#.# # #..#####.#########>#
#.# ## ...K..K(.# #.# #.#
##.
##K#####.#############.#
#.. #.# #.#.#.#..K#.#.#.#
###..


You could see a water moccasin and 2 bats.

Vanquished Creatures
  Robin (D:2)
  An adder (D:2)
  2 worms (D:3)
  3 dart slugs
  8 endoplasms
  2 giant cockroaches (D:3)
  13 goblins
  5 hobgoblins
  6 jackals (D:1)
  2 kobolds
  A quokka (D:3)
  3 ball pythons
  2 bats (D:1)
  3 frilled lizards
  4 rats
56 creatures vanquished.

Notes
Turn   | Place    | Note
-------+----------+-------------------------------------------
     0 | D:1      | SnakkuSnakku7 the Draconian Arcane Marksman began the quest
                  | for the Orb.
     0 | D:1      | Reached XP level 1. HP: 16/16 MP: 2/2
    24 | D:1      | Found a faded altar of an unknown god.
    32 | D:1      | Became a worshipper of Uskayaw the Reveller
    32 | D:1      | Reached * piety under Uskayaw
    33 | D:1      | Fell from the grace of Uskayaw
    65 | D:1      | Reached skill level 2 in Throwing
   421 | D:1      | Reached XP level 2. HP: 17/23 MP: 3/3
   972 | D:1      | Reached skill level 3 in Throwing
  1270 | D:1      | Reached XP level 3. HP: 26/28 MP: 4/4
  1844 | D:2      | Noticed Robin
  1885 | D:2      | Killed Robin
  1886 | D:2      | Reached skill level 4 in Throwing
  1886 | D:2      | Reached XP level 4. HP: 13/35 MP: 5/5
  2282 | D:3      | Found a runed translucent door.
  2283 | D:3      | Noticed Crazy Yiuf
  2726 | D:3      | Noticed a phantom
  3043 | D:3      | Noticed a water moccasin
  3091 | D:3      | Succumbed to a water moccasin's poison

Illustrated notes

Levels and vault maps discovered:
D:1:      minmay_arrival_cross, layout_basic, hellmonk_ecumenical_altar_run_dry
D:2:      wad_pebble_path, layout_basic, uniq_robin
D:3:      minmay_diamond_boxcup, layout_loops_ring, uniq_crazy_yiuf_cottage

Skill      XL: |  1  2  3 |
---------------+----------+-----
Throwing       | 2 3 4 |  4.3
Fighting       | |  1.1
Dodging        | |  1.7
Spellcasting   | |  1.0
Hexes          | |  2.6

Action                   |  1- 3 |  4- 6 || total
-------------------------+-------+-------++-------
Melee: Dagger            |   161 |    26 ||   187
       Tailslap          |    19 |     6 ||    25
       Unarmed           |     5 |       ||     5
       Spear             |       |    17 ||    17
Throw: Javelin           |    12 |       ||    12
       Dart              |       |     1 ||     1
Invok: Renounce Religion |     1 |       ||     1
 Stab: Sleeping          |       |     2 ||     2
       Distracted        |       |     1 ||     1
Armor: Skin              |    53 |    41 ||    94
Dodge: Dodged            |   100 |    59 ||   159
